 Dungeon Crawl Stone Soup version 0.29.0-13-gc9e81de378 (webtiles) character file.

Game seed: 12961276614600336066

81 ILmort the Skirmisher (level 4, -6/38 HPs)
             Began as a Gnoll Hunter on Sept 10, 2022.
             Mangled by Crazy Yiuf
             ... wielding a +2 quarterstaff of chaos
              (7 damage)
             ... on level 2 of the Dungeon.
             The game lasted 00:03:15 (1024 turns).

ILmort the Skirmisher (Gnoll Hunter)                Turns: 1024, Time: 00:03:16

Health: -6/38      AC:  3    Str: 11    XL:     4   Next: 42%
Magic:  5/5        EV: 13    Int:  8    God:
Gold:   146        SH:  0    Dex: 17    Spells: 5/5 levels left

rFire   . . .      SeeInvis .   a - +0 shortbow
rCold   + . .      Faith    .   (shield currently unavailable)
rNeg    . . .      Spirit   .   c - +0 leather armour
rPois   .          Reflect  .   (no helmet)
rElec   .          Harm     .   (no cloak)
rCorr   .          Rampage  .   (no gloves)
Will    .....                   (no boots)
Stlth   ++........              (no amulet)
HPRegen 0.12/turn               f - ring of protection from cold
MPRegen 0.09/turn               (no ring)

@: lethally poisoned (-6 -> -17), weak-willed
A: fangs 1, strong nose, distributed training
a: no special abilities


You were on level 2 of the Dungeon.
You visited 1 branch of the dungeon, and saw 2 of its levels.

You collected 146 gold pieces.

Inventory:

Hand Weapons
 a - a +0 shortbow (weapon)
 b - a +4 dagger of freezing
 g - a +0 mace
 m - a +0 dagger
Missiles
 q - 3 atropa-tipped darts
Armour
 c - a +0 leather armour (worn)
 r - the +0 robe "Zaoju" {Will+ Str-5 Dex+2 Stlth+}
   (You found it on level 2 of the Dungeon)

   Str:       It affects your strength (-5).
   Dex:       It affects your dexterity (+2).
   Will:      It increases your willpower.
   Stlth:     It makes you more stealthy.
Jewellery
 f - a ring of protection from cold (left hand)
Scrolls
 d - a scroll of acquirement {unknown}
 h - a scroll of immolation
 p - 3 scrolls of teleportation {unknown}
 s - a scroll of fear {unknown}
Potions
 e - 2 potions of lignification {unknown}
 i - a potion of haste {unknown}
 j - a potion of brilliance {unknown}
 k - 2 potions of curing {unknown}
 l - a potion of resistance {unknown}


   Skills:
 + Level 4.6 Fighting
 + Level 1.2 Short Blades
 + Level 1.2 Long Blades
 + Level 1.2 Axes
 + Level 1.2 Maces & Flails
 + Level 1.2 Polearms
 + Level 1.2 Staves
 + Level 8.6 Ranged Weapons
 + Level 1.2 Throwing
 + Level 1.2 Armour
 + Level 4.6 Dodging
 + Level 2.6 Stealth
 + Level 1.2 Shields
 + Level 1.2 Unarmed Combat
 + Level 1.2 Spellcasting
 + Level 1.0 Conjurations
 + Level 1.0 Hexes
 + Level 1.0 Summonings
 + Level 1.0 Necromancy
 + Level 1.0 Translocations
 + Level 1.0 Transmutations
 + Level 1.0 Fire Magic
 + Level 1.0 Ice Magic
 + Level 1.0 Air Magic
 + Level 1.0 Earth Magic
 + Level 1.0 Poison Magic
 + Level 1.3 Invocations
 + Level 1.2 Evocations


You had 5 spell levels left.
You didn't know any spells.
Your spell library was empty.

Dungeon Overview and Level Annotations

Branches:
Dungeon (2/15)

Altars:

Annotations:
D:2 Crazy Yiuf


Innate Abilities, Weirdness & Mutations

You have very sharp teeth.
Your uncanny sense of smell can sniff out nearby items.
Your experience applies equally to all skills.


Message History

You open the door.
There is an open door here.
Things that are here:
a +0 sling; a +0 club; a goblin corpse
Found a stone staircase leading down.
You now have 146 gold pieces (gained 16).
Found an escape hatch in the floor.
Found an escape hatch in the ceiling.
There is an escape hatch in the ceiling here.
Found a hammer.
Found a runed translucent door.
Crazy Yiuf shouts!
Crazy Yiuf laughs, "Shower Orb Guardian Xom!"
Crazy Yiuf says, "Mama!
Key chair chair."
Your +4 dagger of freezing glows with a cold blue light!
b - a +4 dagger of freezing (weapon)
You open the door. You hit Crazy Yiuf. You freeze Crazy Yiuf.
Crazy Yiuf closely misses you.
You hit Crazy Yiuf but do no damage.
Crazy Yiuf hits you with a +2 quarterstaff of chaos!
You are poisoned.
You hit Crazy Yiuf but do no damage.
You feel sick.
Crazy Yiuf hits you with a +2 quarterstaff of chaos!
* * * LOW HITPOINT WARNING * * *
You are lethally poisoned!
Your +4 dagger of freezing stops glowing.
a - a +0 shortbow (weapon)
* * * LOW HITPOINT WARNING * * *
You feel sick.
As you read the scroll labelled XISCHA ZABOZU, it crumbles to dust.
Magic quickly surges around you.
It was a scroll of vulnerability.
* * * LOW HITPOINT WARNING * * *
You feel very sick. Crazy Yiuf misses you.
As you read the scroll labelled CORYLLU CULIXE, it crumbles to dust.
You hear a loud clanging noise!
It was a scroll of noise.
* * * LOW HITPOINT WARNING * * *
You feel very sick.
Crazy Yiuf hits you with a +2 quarterstaff of chaos!
You die...

#.#####+..+# #.# #....#
########.# ♣....♣
#........# ♣...♣♣
#.......#### ♣♣.♣♣
############ #..........#
♣.♣♣ #...........
######.###.# ♣♣.♣
#########.## #.# #.# ♣.♣♣
########†## #.###.# ♣♣@♣
#.......... #.##.<# #g#
#.......... #.#..## ...
#.......... #>#.## #...#
#.......... #.#.# #..)#
#.......... #.#.# #####
#.......... #.#.#
########'##
#...#####################.#
#>.....................##.#


You could see Crazy Yiuf (weak-willed).

Vanquished Creatures
  Jessica (D:2)
  An adder (D:2)
  A dart slug (D:2)
  5 ball pythons
  2 endoplasms (D:1)
  A giant cockroach (D:2)
  6 hobgoblins
  5 jackals (D:1)
  3 kobolds
  6 bats
  2 frilled lizards
  5 goblins
  2 rats (D:1)
40 creatures vanquished.

Notes
Turn   | Place    | Note
-------+----------+-------------------------------------------
     0 | D:1      | ILmort the Gnoll Hunter began the quest for the Orb.
     0 | D:1      | Reached XP level 1. HP: 20/20 MP: 1/1
    60 | D:1      | Reached XP level 2. HP: 26/26 MP: 2/2
   325 | D:1      | Reached XP level 3. HP: 31/31 MP: 3/3
   539 | D:1      | Reached skill level 1 in Invocations
   667 | D:2      | Noticed Jessica
   671 | D:2      | Killed Jessica
   672 | D:2      | Reached skill level 1 in Short Blades
   672 | D:2      | Reached skill level 1 in Long Blades
   672 | D:2      | Reached skill level 1 in Axes
   672 | D:2      | Reached skill level 1 in Maces & Flails
   672 | D:2      | Reached skill level 1 in Polearms
   672 | D:2      | Reached skill level 1 in Staves
   672 | D:2      | Reached skill level 1 in Throwing
   672 | D:2      | Reached skill level 1 in Armour
   672 | D:2      | Reached skill level 1 in Shields
   672 | D:2      | Reached skill level 1 in Unarmed Combat
   672 | D:2      | Reached skill level 1 in Spellcasting
   672 | D:2      | Reached skill level 1 in Evocations
   672 | D:2      | Reached XP level 4. HP: 38/38 MP: 5/5
   834 | D:2      | Reached skill level 1 in Conjurations
   834 | D:2      | Reached skill level 1 in Hexes
   834 | D:2      | Reached skill level 1 in Summonings
   834 | D:2      | Reached skill level 1 in Necromancy
   834 | D:2      | Reached skill level 1 in Translocations
   834 | D:2      | Reached skill level 1 in Transmutations
   834 | D:2      | Reached skill level 1 in Fire Magic
   834 | D:2      | Reached skill level 1 in Ice Magic
   834 | D:2      | Reached skill level 1 in Air Magic
   834 | D:2      | Reached skill level 1 in Earth Magic
   834 | D:2      | Reached skill level 1 in Poison Magic
   863 | D:2      | Identified the +0 robe "Zaoju" {Will+ Str-5 Dex+2 Stlth+}
  1013 | D:2      | Found a runed translucent door.
  1014 | D:2      | Noticed Crazy Yiuf
  1024 | D:2      | HP: 1/38 [poisoned by Crazy Yiuf]
  1024 | D:2      | Mangled by Crazy Yiuf

Illustrated notes

Levels and vault maps discovered:
D:1:      tarquinn_simple_flora_water_a, layout_basic, kennysheep_flooded_box
D:2:      layout_basic, eino_tiny_chamber, uniq_jessica, uniq_crazy_yiuf_cottage

Skill      XL: |  1  2  3  4 |
---------------+-------------+-----
Invocations    | 1 |  1.3
Short Blades   | 1 |  1.2
Long Blades    | 1 |  1.2
Axes           | 1 |  1.2
Maces & Flails | 1 |  1.2
Polearms       | 1 |  1.2
Staves         | 1 |  1.2
Throwing       | 1 |  1.2
Armour         | 1 |  1.2
Shields        | 1 |  1.2
Unarmed Combat | 1 |  1.2
Spellcasting   | 1 |  1.2
Evocations     | 1 |  1.2
Conjurations   | 1 |  1.0
Hexes          | 1 |  1.0
Summonings     | 1 |  1.0
Necromancy     | 1 |  1.0
Translocations | 1 |  1.0
Transmutations | 1 |  1.0
Fire Magic     | 1 |  1.0
Ice Magic      | 1 |  1.0
Air Magic      | 1 |  1.0
Earth Magic    | 1 |  1.0
Poison Magic   | 1 |  1.0
Fighting       | |  4.6
Ranged Weapons | |  8.6
Dodging        | |  4.6
Stealth        | |  2.6

Action                   |  1- 3 |  4- 6 || total
-------------------------+-------+-------++-------
Melee: Dagger            |    16 |     3 ||    19
 Fire: Shortbow          |    51 |    22 ||    73
  Use: Scroll            |       |     2 ||     2
Armor: Leather armour    |     6 |     2 ||     8
Dodge: Dodged            |    21 |     8 ||    29
